 Dungeon Crawl Stone Soup version 0.27.1-1-g398f81649c (webtiles) character file.

Game seed: 12905305458202906537

574 Captinkiss the Bolt Thrower (level 7, -1/43 HPs)
             Began as a Kobold Hunter on Sept 14, 2021.
             Slain by a killer bee (4 damage)
             ... on level 7 of the Dungeon.
             The game lasted 00:20:23 (6619 turns).

Captinkiss the Bolt Thrower (Kobold Hunter)         Turns: 6619, Time: 00:20:24

Health: -1/43      AC:  5    Str:  9 (11) XL:     7   Next: 61%
Magic:  7/7        EV: 19    Int:  9 (12) God:
Gold:   189        SH:  0    Dex: 14 (16) Spells: 6/6 levels left

rFire    . . .     SeeInvis .   a - +1 hand crossbow
rCold    . . .     Faith    .   (shield restricted)
rNeg     . . .     Spirit   .   c - +0 leather armour
rPois    .         Reflect  .   (no helmet)
rElec    .         Harm     .   (no cloak)
rCorr    .         Rampage  .   (no gloves)
Will     .....                  (no boots)
Stlth    ++++......             (no amulet)
HPRegen  0.14/turn              e - +4 ring of evasion
MPRegen  0.10/turn              (no ring)

@: lethally poisoned (-1 -> -19)
A: small, no large weapons, nightstalker 3, iridescent scales 1, sense
surroundings 1
a: no special abilities


You were on level 7 of the Dungeon.
You visited 1 branch of the dungeon, and saw 7 of its levels.

You collected 189 gold pieces.

Inventory:

Hand Weapons
 a - a +1 hand crossbow (weapon)
 b - a +1 dagger of holy wrath
 h - a +3 dagger
 j - a +0 short sword
Missiles
 d - 40 bolts (quivered ammo)
 k - 49 arrows
Armour
 c - a +0 leather armour (worn)
 p - a +2 robe of resistance
Jewellery
 e - a +4 ring of evasion (left hand)
Scrolls
 f - 4 scrolls of identify
 i - 2 scrolls of amnesia
 m - 3 scrolls of noise
 o - a scroll of summoning {unknown}
Potions
 g - 2 potions of degeneration


   Skills:
 + Level 4.3 Fighting
 + Level 3.8 Short Blades
 + Level 6.3 Crossbows
 - Level 0.5 Armour
 + Level 4.7 Dodging
 + Level 4.9 Stealth


You had 6 spell levels left.
You didn't know any spells.
Your spell library was empty.

Dungeon Overview and Level Annotations

Branches:
Dungeon (8/15)
 Temple: D:4-7         Lair: D:8-11

Altars:
Zin

Annotations:
D:1 Terence


Innate Abilities, Weirdness & Mutations

You are small and have problems with some larger weapons.
You are completely attuned to the shadows.
You are partially covered in iridescent scales. (AC +2)
You passively map a small area around you.


Message History

The kobold throws a stone.
The stone barely misses you.
The stone hits the kobold but does no damage.
The kobold throws a stone.
The stone misses you.
The stone completely misses the killer bee.
You hear an angry buzzing noise.
You hear a shout!
A kobold comes into view. It is wielding a +0 dagger.
The scorpion stings you but does no damage.
The kobold brigand hits you with a +0 club.
The kobold hits you with a +0 club. The kobold hits you but does no damage.
A kobold comes into view. It is wielding a +0 whip.
The killer bee misses you. The killer bee completely misses you.
The kobold brigand barely misses you. The killer bee stings you.
You are poisoned.
The killer bee poisons you! The killer bee closely misses you.
You feel very sick. The killer bee stings you.
* * * LOW HITPOINT WARNING * * *
You are lethally poisoned!
The killer bee poisons you! The killer bee closely misses you.
* * * LOW HITPOINT WARNING * * *
You feel very sick.
The killer bee barely misses you. x2; The killer bee completely misses you.
It was a potion of degeneration.
There was something very wrong with that liquid.
You feel weakened.
You feel dopey.
You feel clumsy.
* * * LOW HITPOINT WARNING * * *
You feel sick. The killer bee misses you.
The killer bee stings you but does no damage.
The killer bee misses you. The killer bee barely misses you.
The kobold closely misses you. The killer bee barely misses you.
As you read the scroll labelled GUIL USACSECROC, it crumbles to dust.
The creatures around you are filled with an inner flame!
It was a scroll of immolation.
* * * LOW HITPOINT WARNING * * *
You feel sick. The killer bee stings you.
* * * LOW HITPOINT WARNING * * *
You are more poisoned.
The killer bee poisons you! The killer bee stings you.
You die...

#..........,,,,,,,,,,,,,,**
###.........,,**,,,,,,,,,,,
#..........,**,,,,,,,,,,,
#...........**,,,,,,,,,,,
#...........#*,,,,,,,,,,,
#...yKs.....#*,,,,,,,,,,,
#.....yKK...#*,,,,,,,,*,*
#.....yOKy..#*,,,,,,,,*,*
#.....Ky@K..#*,,,,,,,,*,*
*############*,,,,,,,,*,*
*,,,,,,,,*,* **********,*
*,* **≈ *_≈ **≈ **


You could see a two-headed ogre (inner flame), a kobold brigand (inner flame), a
scorpion (inner flame), 5 killer bees and 5 kobolds.

Vanquished Creatures
  A bullfrog (D:8)
  4 wights (D:8)
  2 centaur zombies (D:8)
  A centaur skeleton (D:4)
  4 orc wizards
  A howler monkey zombie (D:8)
  Robin (D:2)
  6 adders
  A dart slug (D:3)
  17 orcs
  4 bats
  5 endoplasms
  3 giant cockroaches
  10 goblins
  2 hobgoblins
  5 kobolds
  2 quokkas
  2 ball pythons
  3 frilled lizards
  3 rats
77 creatures vanquished.

Notes
Turn   | Place    | Note
-------+----------+-------------------------------------------
     0 | D:1      | Captinkiss the Kobold Hunter began the quest for the Orb.
     0 | D:1      | Reached XP level 1. HP: 12/12 MP: 1/1
    56 | D:1      | Found a faded altar of an unknown god.
  1086 | D:2      | Reached XP level 2. HP: 18/18 MP: 2/2
  1150 | D:2      | Reached skill level 5 in Crossbows
  1568 | D:2      | Reached XP level 3. HP: 22/22 MP: 3/3
  1635 | D:2      | Noticed Robin
  1956 | D:2      | Killed Robin
  1957 | D:2      | Reached skill level 1 in Short Blades
  1957 | D:2      | Reached XP level 4. HP: 17/27 MP: 4/4
  2423 | D:2      | Noticed Terence
  3213 | D:3      | Gained mutation: You sometimes lose the ability to read
                  | scrolls when taking damage. [potion of mutation]
  3213 | D:3      | Gained mutation: Your muscles are strong. (Str +2) [potion
                  | of mutation]
  3213 | D:3      | Lost mutation: Your muscles are strong. (Str +2) [potion of
                  | mutation]
  3882 | D:3      | Noticed a scorpion
  4238 | D:2      | Lost mutation: You sometimes lose the ability to read
                  | scrolls when taking damage. [potion of mutation]
  4238 | D:2      | Gained mutation: Armour fits poorly on your strangely
                  | shaped body. [potion of mutation]
  4238 | D:2      | Gained mutation: You are agile. (Dex +2) [potion of
                  | mutation]
  4264 | D:3      | Reached XP level 5. HP: 32/32 MP: 5/5
  5219 | D:4      | Found a glowing silver altar of Zin.
  5432 | D:5      | Entered Level 5 of the Dungeon
  5469 | D:5      | You fall into a shaft and drop 3 floors!
  5522 | D:8      | Reached XP level 6. HP: 18/37 MP: 6/6
  5798 | D:8      | Lost mutation: Armour fits poorly on your strangely shaped
                  | body. [potion of mutation]
  5798 | D:8      | Lost mutation: You are agile. (Dex +2) [potion of mutation]
  5798 | D:8      | Gained mutation: You passively map a small area around you.
                  | [potion of mutation]
  5798 | D:8      | Gained mutation: You are partially covered in iridescent
                  | scales. (AC +2) [potion of mutation]
  5870 | D:8      | Reached skill level 6 in Crossbows
  5870 | D:8      | Reached XP level 7. HP: 14/42 MP: 7/7
  6500 | D:8      | Noticed a komodo dragon
  6576 | D:7      | Noticed a steam dragon
  6606 | D:7      | Noticed a two-headed ogre
  6619 | D:7      | Slain by a killer bee

Illustrated notes

Levels and vault maps discovered:
D:1:      heliophobic_arrival_ceremonial_halls, layout_loops_ring,
          basic_ecumenical_altar, corexii_leaking_fountain, minmay_tripent
D:2:      layout_basic, uniq_terence, uniq_robin
D:3:      layout_loops_cross
D:4:      layout_cave_pools, zin_academy
D:5:      layout_basic, nicolae_uskayaw_suspiria, serial_shops,
          nicolae_lakefront_shop, amcnicky_mini_pool_small, solitary_fountain
D:7:      layout_basic, kennysheep_slug_shrine
D:8:      layout_cave_pools, gammafunk_temple_overflow_arena, erik_lair_dragon

Skill      XL: |  1  2  3  4  5  6  7 |
---------------+----------------------+-----
Crossbows      | 5 6 |  6.3
Stealth        | 2 3 4 |  4.9
Dodging        | 3 4 |  4.7
Short Blades   | 1 2 3 |  3.8
Fighting       | 3 4 |  4.3
Armour         | |  0.5

Action                   |  1- 3 |  4- 6 |  7- 9 || total
-------------------------+-------+-------+-------++-------
Melee: Short sword       |    48 |    10 |       ||    58
       Dagger            |       |    60 |     6 ||    66
 Fire: Hand crossbow     |    16 |    99 |    36 ||   151
  Use: Potion            |       |     5 |     2 ||     7
       Scroll            |       |     3 |     2 ||     5
 Stab: Sleeping          |     9 |    13 |       ||    22
       Distracted        |       |     1 |       ||     1
Armor: Leather armour    |    15 |     9 |    12 ||    36
Dodge: Dodged            |    51 |   105 |    61 ||   217
